 Dungeon Crawl Stone Soup version 0.18.1-47-g9310371 (console) character file.

10470 Kloppie the Impaler (level 11, 0/101 HPs)
             Began as a Minotaur Gladiator on June 15, 2016.
             Was a High Priest of Makhleb.
             Slain by an orange demon (4 damage)
             ... summoned by the player character
             ... in an ice cave.
             The game lasted 00:24:14 (10778 turns).

Kloppie the Impaler (Minotaur Gladiator)           Turns: 10778, Time: 00:24:15

Health: 0/101      AC: 16    Str: 21    XL:     11   Next: 36%
Magic:  13/13      EV:  8    Int:  7    God:    Makhleb [*****.]
Gold:   768        SH:  0    Dex: 13    Spells: 0 memorised, 10 levels left

rFire  . . .     SeeInvis +     a - +0 trident
rCold  . . .     Gourm    .     e - +0 plate armour
rNeg   . . .     Faith    .     (no shield)
rPois  .         Spirit   .     (helmet unavailable)
rElec  .         Dismiss  +     s - +1 cloak
rCorr  +         Reflect  .     (no gloves)
SustAt .         Harm     .     (no boots)
MR     .....                    F - amulet of dismissal
Stlth  ..........               G - ring of resist corrosion
                                u - ring of see invisible

@: lethally poisoned (0 -> -19), not resistant to hostile enchantments,
extremely unstealthy
A: retaliatory headbutt, horns 3, clever 1, MP-powered wands
a: Minor Destruction, Lesser Servant of Makhleb, Major Destruction, Greater
Servant of Makhleb, Renounce Religion


You were in an ice cave.
You worshipped Makhleb.
Makhleb was extremely pleased with you.
You were hungry.

You visited 3 branches of the dungeon, and saw 11 of its levels.
You also visited: Ice Cave.

You collected 768 gold pieces.

Inventory:

Hand Weapons
 a - a +0 trident (weapon)
 b - a +0 halberd
 z - a +0 glaive
Missiles
 d - a throwing net (quivered)
Armour
 e - a +0 plate armour (worn)
 s - a +1 cloak (worn)
Jewellery
 q - an uncursed ring of magical power
 u - a ring of see invisible (left hand)
 F - an amulet of dismissal (around neck)
 G - a ring of resist corrosion (right hand)
Wands
 h - a wand of confusion (20/48)
Scrolls
 g - 10 scrolls of identify
 n - 2 scrolls of fear
 v - a scroll of teleportation
 y - 2 scrolls of blinking
 C - a scroll of remove curse
 E - a scroll of enchant armour
Potions
 i - a potion of degeneration {unknown}
 j - 2 potions of flight
 m - 3 potions of lignification
 r - 3 potions of cancellation
 A - a potion of magic {unknown}
Comestibles
 c - 11 fruits
 f - 10 bread rations
 t - 6 meat rations
 B - a beef jerky


   Skills:
 + Level 10.8 Fighting
 * Level 15.0 Polearms
 - Level 2.0 Throwing
 - Level 9.1 Armour
 - Level 3.2 Dodging
 + Level 4.2 Invocations


You had 10 spell levels left.
You didn't know any spells.

Dungeon Overview and Level Annotations

Branches:
Dungeon (9/15)             Temple (1/1) D:6            Lair (1/8) D:9
    Orc: D:9-12

Altars:
Cheibriados
Dithmenos
Elyvilon
Fedhas
Gozag
Kikubaaqudgha
Makhleb
Nemelex Xobeh
Okawaru
Pakellas
Qazlal
Sif Muna
Trog
Vehumet
Xom
Yredelemnul
Zin
The Shining One


Innate Abilities, Weirdness & Mutations

You reflexively headbutt those who attack you in melee.
You have a pair of large horns on your head.
Your mind is acute. (Int +2)
You expend magic power (3 MP) to strengthen your wands.


Message History

Your amulet of dismissal vibrates suddenly!
The ice devil freezes you!
* * * LOW HITPOINT WARNING * * *
The ice devil disappears!
You start resting.
Drink which item? (? for menu, Esc to quit)
You feel better.
A demon appears!
It doesn't seem very happy.
You feel slightly more hungry.
Attack whom?
Press: ? - help, Dir - move target cursor, f - orange demon, p - ice devil
Aim: an orange demon (summoned)
You reach to attack!
You hit the orange demon but do no damage.
The orange demon stings you.
* * * LOW HITPOINT WARNING * * *
You are lethally poisoned!
The orange demon poisons you! The orange demon hits you.
You die...

#####
##...##
##.....##
#...∩...#
#...∩.@.#
##...4.##
##..4##
##...#
#...##
#...##
##...#
##...##
#.....#


You could see an orange demon and an ice devil.

Vanquished Creatures
  The ghost of Wardy2 the Blocker, a novice MiFi (D:6)
  Pikel (D:4)
  2 deep elf magi (D:9)
  A black mamba (Lair:1)
  Joseph (D:9)
  The ghost of Zeloya the Slicer, a novice KoAr (D:4)
  2 ice devils (IceCv)
  A komodo dragon (Lair:1)
  Grinder (D:5)
  A spriggan (D:8)
  Sigmund (D:5)
  A wyvern (D:6)
  Grum (D:8)
  A basilisk (Lair:1)
  Menkaure (D:4)
  Duvessa (D:5)
  2 orc warriors
  5 sky beasts
  2 ice beasts (D:7)
  A black bear (Lair:1)
  A swamp drake (D:9)
  The ghost of Howlingfantods the Sneak, an amateur DgAs (D:5)
  3 centaurs
  2 ogres
  3 wolves (D:8)
  3 crocodiles (Lair:1)
  5 big kobolds
  7 giant frogs
  Dowan (D:5)
  A gnoll sergeant (D:9)
  2 scorpions
  6 killer bees (D:9)
  21 wights
  An electric eel (D:6)
  4 crimson imps
  5 howler monkeys
  A giant frog zombie (D:9)
  5 hounds
  An orc priest (D:6)
  Crazy Yiuf (D:3)
  2 jellies
  8 orc wizards
  An iron imp (D:9)
  Jessica (D:3)
  3 giant frog skeletons
  Terence (D:3)
  7 iguanas
  3 worker ants
  Natasha (twice) (D:2)
  A hound skeleton (D:8)
  A howler monkey skeleton (D:3)
  12 gnolls
  10 adders
  3 shadow imps
  13 white imps
  2 oozes
  2 adder skeletons
  A worm (D:3)
  3 dart slugs (D:1)
  7 giant geckos
  27 orcs
  3 ball pythons
  7 bats
  5 giant cockroaches
  10 goblins
  14 hobgoblins
  8 jackals
  4 quokkas
  3 giant newts
  45 kobolds
  5 rats
316 creatures vanquished.

Vanquished Creatures (others)
  A jelly (D:3)
  A worker ant (D:4)
  An orc (D:9)
3 creatures vanquished.

Grand Total: 319 creatures vanquished

Notes
Turn   | Place    | Note
--------------------------------------------------------------
     0 | D:1      | Kloppie the Minotaur Gladiator began the quest for the Orb.
     0 | D:1      | Reached XP level 1. HP: 18/18 MP: 0/0
   245 | D:1      | Reached skill level 4 in Polearms
   286 | D:1      | Reached XP level 2. HP: 24/25 MP: 1/1
   422 | D:1      | Reached XP level 3. HP: 31/31 MP: 2/2
  1070 | D:2      | Reached skill level 5 in Polearms
  1070 | D:2      | Reached skill level 1 in Armour
  1117 | D:2      | Reached XP level 4. HP: 38/38 MP: 3/3
  1165 | D:2      | Noticed Natasha
  1170 | D:2      | Killed Natasha
  1204 | D:2      | Found a faded altar to an unknown god.
  1321 | D:2      | Found a radiant altar of Vehumet.
  1321 | D:2      | Found a glowing silver altar of Zin.
  1323 | D:2      | Found a bloodstained altar of Trog.
  1555 | D:2      | Noticed Natasha
  1574 | D:2      | Killed Natasha
  1574 | D:2      | Reached XP level 5. HP: 20/46 MP: 4/4
  1878 | D:3      | Reached skill level 6 in Polearms
  2144 | D:3      | Noticed Crazy Yiuf
  2150 | D:3      | Killed Crazy Yiuf
  2381 | D:3      | Noticed Terence
  2391 | D:3      | Killed Terence
  2391 | D:3      | Reached XP level 6. HP: 53/53 MP: 5/5
  2534 | D:3      | Found an oddly glowing altar of Pakellas.
  2534 | D:3      | Noticed an orange crystal statue
  2618 | D:3      | Noticed Jessica
  2622 | D:3      | Killed Jessica
  3404 | D:4      | Noticed Zeloya's ghost (novice KoAr)
  3450 | D:4      | Gained mutation: You have a pair of large horns on your head. [potion of mutation]
  3450 | D:4      | Gained mutation: Your mind is acute. (Int +2) [potion of mutation]
  3450 | D:4      | Gained mutation: You expend magic power (3 MP) to strengthen your wands. [potion of mutation]
  3462 | D:4      | Killed Zeloya's ghost
  3462 | D:4      | Reached skill level 5 in Fighting
  3462 | D:4      | Reached skill level 7 in Polearms
  3462 | D:4      | Reached XP level 7. HP: 50/61 MP: 6/6
  3517 | D:4      | Found an iron altar of Okawaru.
  3518 | D:4      | Reached skill level 8 in Polearms
  3624 | D:4      | Noticed Pikel
  3658 | D:4      | Killed Pikel
  3658 | D:4      | Reached skill level 9 in Polearms
  3658 | D:4      | Reached skill level 5 in Armour
  3658 | D:4      | Reached XP level 8. HP: 55/70 MP: 7/7
  3772 | D:4      | Found a deep blue altar of Sif Muna.
  3794 | D:4      | Noticed Menkaure
  3799 | D:4      | Killed Menkaure
  3852 | D:4      | Found a stormy altar of Qazlal.
  4011 | D:5      | Entered Level 5 of the Dungeon
  4071 | D:5      | Found a shadowy altar of Dithmenos.
  4071 | D:5      | Noticed Duvessa
  4082 | D:5      | Noticed Dowan
  4083 | D:5      | Killed Duvessa
  4086 | D:5      | Killed Dowan
  4285 | D:5      | Found an opulent altar of Gozag.
  4286 | D:5      | Noticed Grinder
  4294 | D:5      | Killed Grinder
  4294 | D:5      | Reached skill level 10 in Polearms
  4334 | D:5      | Noticed Howlingfantods's ghost (amateur DgAs)
  4350 | D:5      | Killed Howlingfantods's ghost
  4631 | D:5      | Reached XP level 9. HP: 79/79 MP: 8/8
  4718 | D:5      | Noticed Sigmund
  4728 | D:5      | Killed Sigmund
  4946 | D:5      | Identified 2 scrolls of acquirement
  4969 | D:6      | Reached skill level 11 in Polearms
  6189 | D:6      | Found a staircase to the Ecumenical Temple.
  6481 | Temple   | Entered the Ecumenical Temple
  6497 | Temple   | Became a worshipper of Makhleb the Destroyer
  6546 | D:6      | Noticed Wardy2's ghost (novice MiFi)
  6583 | D:6      | Killed Wardy2's ghost
  6583 | D:6      | Reached skill level 12 in Polearms
  6947 | D:6      | Reached * piety under Makhleb
  7095 | D:6      | Reached XP level 10. HP: 87/90 MP: 9/9
  7103 | D:6      | Reached ** piety under Makhleb
  7214 | D:6      | Found a blossoming altar of Fedhas.
  7876 | D:7      | Reached skill level 13 in Polearms
  8320 | D:8      | Noticed Grum
  8342 | D:8      | Killed Grum
  8623 | D:8      | Found an opulent altar of Gozag.
  8631 | D:8      | Reached *** piety under Makhleb
  9120 | D:8      | Reached skill level 1 in Invocations
  9372 | D:9      | Noticed Joseph
  9390 | D:9      | Killed Joseph
  9390 | D:9      | Reached skill level 10 in Fighting
  9391 | D:9      | Reached skill level 14 in Polearms
  9577 | D:9      | Reached **** piety under Makhleb
  9827 | D:9      | Noticed a deep elf mage
  9830 | D:9      | Noticed a deep elf mage
  9833 | D:9      | Killed a deep elf mage
  9833 | D:9      | Reached XP level 11. HP: 101/101 MP: 10/12
  9865 | D:9      | Killed a deep elf mage
 10034 | D:9      | Found a staircase to the Lair.
 10076 | D:9      | Reached ***** piety under Makhleb
 10149 | Lair:1   | Entered Level 1 of the Lair of Beasts
 10541 | Lair:1   | Found a frozen archway.
 10584 | IceCv    | Entered an ice cave
 10613 | IceCv    | Reached skill level 15 in Polearms
 10766 | IceCv    | HP: 5/101 [ice devil (11)]
 10778 | IceCv    | HP: 4/101 [orange demon[the player character] (5)]
 10778 | IceCv    | Slain by an orange demon

Skill      XL: |  1  2  3  4  5  6  7  8  9 10 11 |
---------------+----------------------------------+-----
Polearms       | 4 5 6 7 9 10 12 14 15 | 15.0
Fighting       | 3 4 5 6 7 8 10 | 10.8
Armour         | 1 2 4 5 6 8 9 |  9.1
Invocations    | 2 4 |  4.2
Throwing       | |  2.0
Dodging        | |  3.2

Action                   |  1- 3 |  4- 6 |  7- 9 | 10-12 || total
-------------------------+-------+-------+-------+-------++-------
Melee: Trident           |    88 |   189 |   395 |   529 ||  1201
       Headbutt          |    16 |    31 |    82 |   106 ||   235
       Halberd           |       |       |       |     7 ||     7
Throw: Throwing net      |     2 |     1 |     2 |       ||     5
Invok: Lesser Servant of |       |       |       |     1 ||     1
Evoke: Wand              |       |       |     1 |       ||     1
  Use: Scroll            |       |     5 |     4 |     9 ||    18
       Potion            |       |     3 |     1 |     1 ||     5
 Stab: Held in net/web   |       |     1 |     2 |       ||     3
  Eat: Chunk             |     1 |     6 |     5 |    11 ||    23
       Beef jerky        |       |     1 |       |       ||     1
       Meat ration       |       |       |     1 |       ||     1
       Royal jelly       |       |       |     1 |       ||     1
Armor: Leather armour    |     5 |       |       |       ||     5
       Plate armour      |    29 |    95 |    32 |   162 ||   318
       Scale mail        |       |       |    79 |     4 ||    83
Dodge: Dodged            |    25 |    61 |   162 |   127 ||   375
